 Dungeon Crawl Stone Soup version 0.31-a0-198-g2ad674f65e (webtiles) character file.

Game seed: 12860273498314022348

9 qw the Shooter (level 2, -2/16 HPs)
             Began as a Deep Elf Hunter on June 25, 2023.
             Succumbed to their own poison gas
             ... on level 2 of the Dungeon.
             The game lasted 00:00:06 (234 turns).

qw the Shooter (Deep Elf Hunter)                     Turns: 234, Time: 00:00:07

Health: -2/16      AC:  5    Str:  8    XL:     2   Next: 3%
Magic:  4/4        EV: 10    Int: 13    God:
Gold:   47         SH:  0    Dex: 18    Spells: 1/1 levels left

rFire   . . .        Y - +0 shortbow
rCold   . . .        (shield currently unavailable)
rNeg    . . .        e - +0 ring mail
rPois   .            (no helmet)
rElec   .            (no cloak)
rCorr   .            (no gloves)
SInv    .            (no boots)
Will    .....        (no amulet)
Stlth   +            (no ring)
HPRegen 0.22/turn    (no ring)
MPRegen 0.09/turn

%: no passive effects
@: lethally poisoned (-2 -> -12)
A: no striking features
a: no special abilities


You were on level 2 of the Dungeon.
You visited 1 branch of the dungeon, and saw 2 of its levels.

You collected 47 gold pieces.


   Skills:
 - Level 1.5 Fighting
 + Level 6.0 Ranged Weapons
 - Level 2.4 Dodging
 - Level 1.2 Stealth


You had one spell level left.
You didn't know any spells.
Your spell library was empty.

Inventory:

Hand Weapons
 Y - a +0 shortbow (weapon)
Armour
 e - a +0 ring mail (worn)

Dungeon Overview and Level Annotations

Branches:
Dungeon (2/15)

Altars:


Message History

You shoot an arrow. The arrow hits the goblin.
You kill the goblin!
You have reached level 2!
f - a scroll labelled VULYH HIATIPH A rat comes into view.
You shoot an arrow. The arrow hits the rat.
You kill the rat!
Your Ranged Weapons skill increases to level 6!
Found a stone staircase leading up.
218 ||| UPGRADING to +0 ring mail.
You start removing your armour.
You continue taking off your +0 leather armour. x4
You finish taking off your +0 leather armour.
You start putting on your armour.
You continue putting on your +0 ring mail. x5
You finish putting on your +0 ring mail.
228 ||| DROPPING +0 leather armour.
You drop a +0 leather armour.
229 ||| READING scroll labelled VIKKOMEZES.
The air fills with toxic fumes!
As you read the scroll labelled VIKKOMEZES, it crumbles to dust.
It was a scroll of poison.
230 ||| READING scroll labelled VULYH HIATIPH.
As you read the scroll labelled VULYH HIATIPH, it crumbles to dust.
The air around you briefly surges with heat, but it dissipates.
It was a scroll of immolation.
231 ||| DROPPING scroll of butterflies.
You drop a scroll of butterflies.
(D) Dungeon
Where to? (* - list waypoints, ? - help)
What level of the Dungeon? (default 1, ? - help) Sorry, I don't know how to get there.
Really walk into that cloud of poison gas?
You are engulfed in poison gas.
You are lethally poisoned!
Ouch! That really hurt!
You feel very sick.
233 ||| Stepping ~*~*~tactically~*~*~ (cloud).
You feel very sick.
Things that are here:
a scroll of butterflies; a +0 leather armour
There is a lethal amount of poison in your body!
You die...

#.####.#######
#.............
######.#########
#.# #¤..%#
#.####¤##.#
#....¤¤...#
######¤#### #¤#
#@#######
#¤¤¤¤¤¤¤#
#########


There were no monsters in sight!

Vanquished Creatures
  An endoplasm (D:2)
  A goblin (D:2)
  A hobgoblin (D:1)
  3 quokkas
  A rat (D:2)
7 creatures vanquished.

Notes
Turn   | Place    | Note
-------+----------+-------------------------------------------
     0 | D:1      | qw the Deep Elf Hunter began the quest for the Orb.
     0 | D:1      | Reached XP level 1. HP: 12/12 MP: 3/3
     0 | D:1      | 0 ||| qw: Version: 0.3-a-22-g0ed2b0b
     0 | D:1      | 0 ||| qw: Game counter: 5039
     0 | D:1      | 0 ||| qw: Melee chars always use a shield: true
     0 | D:1      | 0 ||| qw: God list: Okawaru
     0 | D:1      | 0 ||| qw: Allow faded altars: false
     0 | D:1      | 0 ||| qw: Do Orc after clearing Dungeon:15 true
     0 | D:1      | 0 ||| qw: Do second Lair branch before Depths: true
     0 | D:1      | 0 ||| qw: Lair rune preference: random
     0 | D:1      | 0 ||| qw: Goals: Normal
     0 | D:1      | 0 ||| PLANNING D:1-11
   137 | D:1      | You fall into a shaft and drop 1 floor!
   179 | D:2      | Reached XP level 2. HP: 16/16 MP: 4/4
   214 | D:2      | Reached skill level 6 in Ranged Weapons
   218 | D:2      | 218 ||| UPGRADING to +0 ring mail.
   228 | D:2      | 228 ||| DROPPING +0 leather armour.
   229 | D:2      | 229 ||| READING scroll labelled VIKKOMEZES.
   230 | D:2      | 230 ||| READING scroll labelled VULYH HIATIPH.
   231 | D:2      | 231 ||| DROPPING scroll of butterflies.
   232 | D:2      | HP: 4/16 [poisoned by you (poison gas)]
   233 | D:2      | 233 ||| Stepping ~*~*~tactically~*~*~ (cloud).
   233 | D:2      | HP: 1/16 [poisoned by you (poison gas)]
   234 | D:2      | Succumbed to their own poison gas

Levels and vault maps discovered:
D:1:      heliophobic_arrival_henge, layout_basic, minmay_tromino_v4_a
D:2:      layout_basic

Skill      XL: |  1  2 |
---------------+-------+-----
Ranged Weapons | 6 |  6.0
Fighting       | |  1.5
Dodging        | |  2.4
Stealth        | |  1.2

Action                     || total
---------------------------++-------
   Fire: Shortbow          ||    17
    Use: Scroll            ||     2
  Dodge: Dodged            ||     3

Table legend:
 A = Non-vault XP
 B = Vault XP
 C = Vault XP percentage of total XP
 D = Non-vault monster count
 E = Vault monster count
 F = Vault count percentage of total count
                 A         B        C        D         E       F
            +---------+---------+-------+---------+---------+-------
      Total |      13 |       0 |   0.0 |       7 |       0 |   0.0
            +---------+---------+-------+---------+---------+-------
        D:1 |       6 |       0 |   0.0 |       3 |       0 |   0.0
        D:2 |       7 |       0 |   0.0 |       4 |       0 |   0.0
            +---------+---------+-------+---------+---------+-------
